 Dungeon Crawl Stone Soup version 0.28-a0-1396-gdcb3f3653b (webtiles) character file.

Game seed: 3720175616075162209

2649 Cheeritup the Grappler (level 9, -7/79 HPs)
             Began as a Ghoul Warper on Jan 5, 2022.
             Was an Initiate of Yredelemnul.
             Mangled by Erica (19 damage)
             ... on level 8 of the Dungeon.
             The game lasted 00:47:00 (9978 turns).

Cheeritup the Grappler (Ghoul Warper)               Turns: 9978, Time: 00:47:01

Health: -7/79      AC:  1    Str: 17    XL:     9   Next: 62%
Magic:  12/12      EV: 11    Int:  8    God:    Yredelemnul [......]
Gold:   452        SH:  0    Dex: 10    Spells: 12/14 levels left

rFire   + . .      SeeInvis +     - Unarmed
rCold   + . .      Faith    .   (no shield)
rNeg    + + +      Spirit   .   m - +1 ring mail
rPois   ∞          Reflect  .   (no helmet)
rElec   .          Harm     .   u - +1 cloak
rCorr   .          Rampage  .   (no gloves)
Will    .....                   (no boots)
Stlth   ..........              q - amulet of the acrobat
HPRegen 0.00/turn               c - ring of protection from fire
MPRegen 0.13/turn               g - ring of see invisible

@: corroded, inhibited regen, slowed, very slow
A: claws 1, cold resistance 1, negative energy resistance 3, inhibited
regeneration, torment resistance 2
a: Renounce Religion, Recall Undead Harvest


You were on level 8 of the Dungeon.
You worshipped Yredelemnul.
Yredelemnul was noncommittal.
You visited 2 branches of the dungeon, and saw 9 of its levels.

You collected 452 gold pieces.

Inventory:

Hand Weapons
 b - a +3 hunting sling of freezing
 h - a +3 halberd
 t - a +4 quarterstaff of chaos
Missiles
 e - 3 curare-tipped darts (quivered)
 l - 23 poisoned darts
 s - 40 sling bullets
Armour
 m - a +1 ring mail (worn)
 u - a +1 cloak (worn)
Jewellery
 c - a ring of protection from fire (left claw)
 g - a ring of see invisible (right claw)
 q - an amulet of the acrobat (around neck)
 r - an amulet of regeneration
Wands
 p - a wand of iceblast (11)
 x - a wand of flame (12)
Scrolls
 f - 3 scrolls of identify
 i - 2 scrolls of brand weapon
 n - a scroll of blinking
 y - a scroll of teleportation
Potions
 a - a potion of brilliance
 d - a potion of ambrosia
 j - a potion of lignification
 k - 2 potions of mutation
 o - 2 potions of cancellation
 v - a potion of haste
 w - a potion of heal wounds
 z - a potion of degeneration


   Skills:
 - Level 7.0 Fighting
 + Level 2.5(2.6) Slings
 - Level 0.8(1.8) Throwing
 + Level 3.9 Armour
 + Level 3.9 Dodging
 + Level 9.6 Unarmed Combat
 - Level 3.2 Spellcasting
 - Level 2.6 Translocations


You had 12 spell levels left.
You knew the following spells:

 Your Spells              Type           Power      Damage    Failure   Level
a - Blink                 Tloc           10%        N/A       28%         2

Your spell library contained the following spells:

 Spells                   Type           Power      Damage    Failure   Level
 Magic Dart               Conj           4%         1d3       50%         1
 Shock                    Conj/Air       4%         1d3       50%         1
 Gell's Gravitas          Tloc           5%         N/A       50%         3
 Lesser Beckoning         Tloc           5%         N/A       50%         3
 Teleport Other           Tloc           5%         N/A       50%         3
 Searing Ray              Conj           2%         2d4       63%         2
 Static Discharge         Conj/Air       1%         N/A       63%         2
 Swiftness                Air            1%         N/A       86%         3
 Tukima's Dance           Hex            1%         N/A       86%         3
 Passage of Golubria      Tloc           5%         N/A       88%         4
 Airstrike                Air            0%         N/A       99%         4
 Dispel Undead            Necr           1%         3d6       99%         4
 Fulminant Prism          Conj/Hex       0%         3d6       99%         4
 Sticky Flame             Conj/Fire      1%         2d3       99%         4
 Manifold Assault         Tloc           5%         N/A       99%         5
 Yara's Violent Unravell  Hex/Tmut       0%         3d3       100%        5
 Dispersal                Tloc           2%         N/A       100%        6
 Disjunction              Tloc           2%         N/A       100%        8


Dungeon Overview and Level Annotations

Branches:
Dungeon (8/15)             Temple (1/1) D:5
   Lair: D:8-11

Altars:
Ashenzari
Cheibriados
Dithmenos
Elyvilon
Fedhas
Gozag
Hepliaklqana
Kikubaaqudgha
Makhleb
Nemelex Xobeh
Okawaru
Qazlal
Ru
Trog
Uskayaw
Vehumet
Xom
Yredelemnul
Zin
The Shining One

Shops:
D:6 [

Annotations:
D:2 Sigmund
D:8 Erica


Innate Abilities, Weirdness & Mutations

You thrive by killing the living.
You are immune to poison.
You have sharp fingernails.
Your flesh is cold resistant. (rC+)
You are immune to negative energy. (rN+++)
You do not regenerate when monsters are visible.
You are immune to unholy pain and torment.


Message History

Press: ? - help, . - travel You can't see that place.
Throw: 2 throwing nets
Press: ? - help, Q - select action, (/) - cycle Shift-Dir - straight line, f - Erica
Aim: Erica, wielding a +4 scimitar of flaming, wearing a +0 robe and carrying a wand of acid (5) (55% to hit)
You throw a throwing net. The throwing net closely misses Erica.
An orc comes into view. It is wielding a +0 trident.
The water moccasin bites you but does no damage.
Throw: throwing net
Press: ? - help, Q - select action, (/) - cycle Shift-Dir - straight line, f/p - Erica
Aim: Erica, wielding a +4 scimitar of flaming, wearing a +0 robe and carrying a wand of acid (5) (55% to hit)
You throw a throwing net. The throwing net closely misses Erica.
The water moccasin bites you.
An ice beast comes into view.
Erica gestures at you while chanting.
You feel yourself slow down.
You claw the water moccasin!
You kill the water moccasin!
A black mist starts to gather...
An orc warrior comes into view. It is wielding a +0 long sword.
Erica zaps a wand.
The bolt of acid hits you!! The acid corrodes you!
You scratch Erica but do no damage. Your claw misses Erica.
The orc hits you from afar with a +0 trident.
Your water moccasin zombie bites the orc but does no damage.
Erica zaps a wand.
The bolt of acid misses you.
You barely miss Erica.
The orc hits you from afar with a +0 trident.
Your water moccasin zombie completely misses the orc.
An orc comes into view. It is wielding a +0 dagger.
Erica hits you with a +4 scimitar of flaming!
The orc barely misses you.
Your water moccasin zombie bites the orc!
The orc dies!
Erica zaps a wand.
The bolt of acid hits you!
* * * LOW HITPOINT WARNING * * *
The acid corrodes you!
The orc warrior barely misses your water moccasin zombie.
Erica hits you with a +4 scimitar of flaming!!
You die...
Yredelemnul claims you as an undead slave.

#.#..#
##....
#...##
#.###
##.## #.#
#.# # #+#
#.# .#
#.# ..#
#.##...##
#........
#@Y..oo.o
#.@Z.....
####[..##
..(# ?.#
.##


You could see Erica (ally target), an orc warrior, an ice beast, 2 orcs and a
friendly water moccasin zombie.

Vanquished Creatures
  A wyvern (D:7)
  Edmund (D:4)
  2 water moccasins
  A hornet zombie (D:7)
  Duvessa (D:4)
  A black bear (D:4)
  A necrophage (D:4)
  2 ogres (D:6)
  A phantom (D:4)
  A bullfrog (D:7)
  2 scorpions
  Dowan (D:4)
  3 killer bees (D:7)
  7 electric eels (D:6)
  A bullfrog zombie (D:5)
  A hound (D:6)
  Crazy Yiuf (D:4)
  An orc priest (D:7)
  An iguana (D:5)
  A centaur skeleton (D:6)
  6 orc wizards
  A hound zombie (D:5)
  11 adders
  6 gnolls (D:4)
  A white imp (D:5)
  2 ufetubi
  An adder skeleton (D:5)
  2 worms (D:2)
  13 orcs
  5 bats
  3 endoplasms
  6 giant cockroaches
  8 goblins
  12 hobgoblins
  2 quokkas
  9 ball pythons
  2 frilled lizards
  11 kobolds
  An orc zombie (D:5)
  6 rats
139 creatures vanquished.

Vanquished Creatures (collateral kills)
  A necrophage (D:7)
  3 killer bees (D:7)
  2 orc wizards (D:7)
  A killer bee zombie (D:7)
  A white imp (D:7)
  6 orcs
14 creatures vanquished.

Vanquished Creatures (others)
  A bullfrog skeleton (D:6)
  3 killer bee zombies (D:7)
  An ogre zombie (D:6)
  An electric eel zombie (D:6)
  7 orc zombies
  74 plants (D:6)
87 creatures vanquished.

Grand Total: 240 creatures vanquished

Notes
Turn   | Place    | Note
-------+----------+-------------------------------------------
     0 | D:1      | Cheeritup the Ghoul Warper began the quest for the Orb.
     0 | D:1      | Reached XP level 1. HP: 17/17 MP: 2/2
   153 | D:1      | Reached skill level 3 in Unarmed Combat
   153 | D:1      | Reached XP level 2. HP: 19/24 MP: 3/3
   689 | D:1      | Reached XP level 3. HP: 28/29 MP: 4/4
   895 | D:1      | You fall into a shaft and drop 1 floor!
   898 | D:2      | Reached skill level 4 in Unarmed Combat
  1353 | D:2      | Reached XP level 4. HP: 25/36 MP: 4/6
  1454 | D:2      | Noticed Sigmund
  1669 | D:2      | Reached skill level 5 in Unarmed Combat
  1713 | D:3      | Noticed a scorpion
  1741 | D:3      | Killed a scorpion
  1742 | D:3      | Reached skill level 1 in Armour
  1742 | D:3      | Reached XP level 5. HP: 19/42 MP: 7/7
  1943 | D:3      | Noticed an ogre
  2292 | D:4      | Noticed a phantom
  2326 | D:4      | Killed a phantom
  2327 | D:4      | Reached XP level 6. HP: 13/51 MP: 8/8
  2801 | D:4      | Noticed Edmund
  2808 | D:4      | Killed Edmund
  2809 | D:4      | Reached skill level 6 in Unarmed Combat
  2955 | D:4      | Noticed Duvessa
  2955 | D:4      | Noticed Dowan
  2986 | D:4      | Killed Duvessa
  2987 | D:4      | Reached skill level 5 in Fighting
  2987 | D:4      | Reached XP level 7. HP: 46/61 MP: 9/9
  2999 | D:4      | Killed Dowan
  3599 | D:4      | Found a runed translucent door.
  3600 | D:4      | Noticed Crazy Yiuf
  3755 | D:4      | Killed Crazy Yiuf
  3925 | D:5      | Entered Level 5 of the Dungeon
  3929 | D:5      | Learned a level 2 spell: Blink
  4124 | D:5      | Found a staircase to the Ecumenical Temple.
  4144 | Temple   | Entered the Ecumenical Temple
  4290 | Temple   | Became a worshipper of Yredelemnul the Dark
  4482 | D:4      | Reached XP level 8. HP: 42/68 MP: 11/11
  4957 | D:5      | Reached * piety under Yredelemnul
  5204 | D:6      | Found a shadowy altar of Dithmenos.
  5793 | D:6      | Reached skill level 7 in Unarmed Combat
  7426 | D:6      | Reached skill level 8 in Unarmed Combat
  7666 | D:6      | Found Refy's Armour Shoppe.
  7885 | D:6      | Reached skill level 1 in Slings
  8712 | D:7      | Reached XP level 9. HP: 72/75 MP: 12/12
  9132 | D:7      | Reached skill level 9 in Unarmed Combat
  9133 | D:7      | Reached ** piety under Yredelemnul
  9725 | D:7      | Found a bloodstained altar of Trog.
  9971 | D:8      | Noticed Erica
  9978 | D:8      | Mangled by Erica

Illustrated notes

Levels and vault maps discovered:
D:1:      minmay_arrival_stair_chambers, layout_basic, minmay_small_reverse_x
D:2:      layout_loops_ring, shapermc_ecumenical_altar_mp_highgroup,
          uniq_sigmund
D:3:      layout_basic
D:4:      nicolae_cairo_tiling_very_big, layout_basic, uniq_crazy_yiuf_cottage,
          uniq_duvessa, uniq_edmund
D:5:      layout_loops_ring, temple_green
D:6:      layout_layer_cave, nicolae_dithmenos_through_a_glass_darkly,
          serial_bayou, serial_bayou_lagoon_a, serial_bayou_shore_a,
          serial_bayou_lake_a, serial_bayou_crossing, serial_shops,
          nicolae_diamond_shop
D:7:      layout_loops_cross, trog_hazing_becter
D:8:      layout_loops_corners, nicolae_wu_jian_wuxing_cycle,
          minmay_misc_feat_doors, uniq_prince_ribbit1, uniq_joseph, uniq_maggie,
          uniq_erica
Temple:   hc_temple_tempest_star

Skill      XL: |  1  2  3  4  5  6  7  8  9 |
---------------+----------------------------+-----
Unarmed Combat | 3 4 5 6 8 9 |  9.6
Spellcasting   | 2 3 |  3.2
Armour         | 1 2 3 |  3.9
Dodging        | 2 3 |  3.9
Fighting       | 3 5 6 7 |  7.0
Slings         | 1 2 |  2.5
Throwing       | |  0.8
Translocations | |  2.6

Action                   |  1- 3 |  4- 6 |  7- 9 || total
-------------------------+-------+-------+-------++-------
Melee: Unarmed           |   116 |   152 |   298 ||   566
       Punch             |     1 |     2 |     8 ||    11
 Fire: Hunting sling     |       |       |    46 ||    46
Throw: Boomerang         |       |     5 |       ||     5
       Dart              |       |     6 |       ||     6
       Throwing net      |       |       |     2 ||     2
Invok: Recall Undead Har |       |       |     1 ||     1
  Use: Scroll            |       |    15 |     8 ||    23
       Potion            |       |     1 |     2 ||     3
 Stab: Distracted        |       |       |     1 ||     1
Armor: Leather armour    |    27 |       |       ||    27
       Ring mail         |    12 |    38 |   110 ||   160
Dodge: Dodged            |    71 |    77 |   176 ||   324

Table legend: (Time is in decaauts)
 A = Elapsed time spent in this place.
 B = Non-inter-level travel time spent in this place.
 C = Inter-level travel time spent in this place.
 D = Time resting spent in this place.
 E = Time spent auto-exploring this place.
 F = Levels seen in this place.
 G = Mean time per level.
                   A        B        C        D        E       F      G
               +--------+--------+--------+--------+--------+-----+--------+
         Total |  10034 |   9909 |    125 |   3271 |   4265 |   9 | 1114.9 |
       Dungeon |   9846 |   9732 |    114 |   3271 |   4120 |   8 | 1230.8 |
        Temple |    188 |    178 |     10 |      0 |    144 |   1 |  188.0 |
               +--------+--------+--------+--------+--------+-----+--------+

Top non-repeatable levels by time:
     D:6: 3588 daAuts
     D:4: 1749 daAuts
     D:7: 1192 daAuts
     D:1: 1155 daAuts
     D:5: 972 daAuts
     D:3: 595 daAuts
     D:2: 529 daAuts
  Temple: 188 daAuts
     D:8: 63 daAuts
